 Dungeon Crawl Stone Soup version 0.17.2-1-ge4368a0 (console) character file.

71 CALLOUS the Ducker (level 4, -15/25 HPs)
             Began as a Tengu Arcane Marksman on Sept 22, 2018.
             Demolished by a gnoll
             ... wielding a +0 halberd
              (17 damage)
             ... on level 1 of the Dungeon on Oct 18, 2018.
             The game lasted 00:34:28 (2748 turns).

CALLOUS the Ducker (Tengu Arcane Marksman)          Turns: 2748, Time: 00:34:28

Health: -15/25     AC:  2    Str: 11    XL:     4   Next: 24%
Magic:  6/6        EV: 14    Int: 14    God:
Gold:   76         SH:  0    Dex: 14    Spells: 1 memorised, 4 levels left

rFire  . . .     SeeInvis .     (no weapon)
rCold  . . .     Clarity  .     b - +0 robe
rNeg   . . .     SustAt   .     (no shield)
rPois  .         Gourm    .     (helmet restricted)
rElec  .         Spirit   .     (no cloak)
rCorr  .         Warding  .     (no gloves)
rMut   .         Stasis   .     (boots unavailable)
MR     .....                    (no amulet)
Stlth  +.........               (no ring)
                                (no ring)

@: not resistant to hostile enchantments, very unstealthy
A: beak, talons 3
a: no special abilities


You were on level 1 of the Dungeon.
You were very hungry.

You visited 1 branch of the dungeon, and saw 2 of its levels.

You collected 76 gold pieces.

Inventory:

Hand Weapons
 a - a +0 shortbow
 k - a +0 hunting sling
 n - a cursed -2 spear
 t - a +0 spear
Missiles
 d - 42 arrows
 f - 59 stones (quivered)
 m - 19 bolts
Armour
 b - a +0 robe (worn)
Scrolls
 g - 2 scrolls of identify {unknown}
 h - a scroll of magic mapping {unknown}
 p - a scroll of teleportation {unknown}
 q - a scroll of random uselessness {unknown}
Potions
 j - a potion of resistance {unknown}
 r - 2 potions of curing {unknown}
Books
 c - a book of Debilitation

   Spells                             Type                      Level
   a - Corona                         Hexes                        1
   b - Slow                           Hexes                        2
   c - Gell's Gravitas                Hexes/Translocation          3
   d - Inner Flame                    Hexes/Fire                   3
   e - Cause Fear                     Hexes                        4
   f - Leda's Liquefaction            Hexes/Earth                  4
Comestibles
 e - 2 bread rations
 i - a beef jerky


   Skills:
 + Level 1.0 Fighting
 - Level 2.1 Bows
 * Level 2.1 Armour
 * Level 4.0 Dodging
 + Level 0.4 Stealth
 - Level 1.0 Spellcasting
 - Level 2.1 Hexes


You had 4 spell levels left.
You knew the following spells:

 Your Spells              Type           Power        Failure   Level  Hunger
a - Corona                Hex            #......      14%         1    ##.....


Dungeon Overview and Level Annotations

Branches:
Dungeon (2/15)

Altars:


Innate Abilities, Weirdness & Mutations

You have a beak for a mouth.
You have claws for feet.


Message History

You hit the gnoll.
The gnoll is heavily wounded.
The gnoll hits you with a halberd.
* * * LOW HITPOINT WARNING * * *
You barely miss the gnoll.
The gnoll is heavily wounded.
The gnoll closely misses you.
You hit the gnoll but do no damage. You claw the gnoll.
The gnoll is severely wounded.
The gnoll closely misses you.
You barely miss the gnoll. Your kick misses the gnoll.
The gnoll is severely wounded.
The gnoll closely misses you.
You hit the gnoll but do no damage. You claw the gnoll.
The gnoll is almost dead.
You barely miss the gnoll. You peck the gnoll.
The gnoll is almost dead.
The gnoll hits you with a halberd!
Ouch! That really hurt!
You die...

##..[#### ##.......##
####....###..# ########
##......##.##.# .......#
#...........#.#
.......#########...###....##.#
...............#..##......#..####
..................#...g..........
.............#.#..##......#......
######.#####.#g#...###....##[.###
#.# #...#@#..)....).#g.... #.#
##..#.g..)..##.##..###
######.######..#........###..###.
..............)#.)÷.........####.
######.#####..†#)####.##.#.......
.....#.# #.#........##.#.......
..<..#.#####.#.#.###..##.#......#
.....#...................#......#
##'#########.##.##.#..####......#
#..).......#.......#..####......#
#.....##.#......................#


You could see a gnoll.

Vanquished Creatures
  2 gnolls (D:2)
  An ooze (D:1)
  A worm (D:2)
  A giant gecko (D:2)
  6 goblins
  5 hobgoblins (D:1)
  7 jackals
  8 bats (D:1)
  2 giant cockroaches (D:1)
  A giant newt (D:2)
  6 kobolds
  3 rats (D:1)
43 creatures vanquished.

Notes
Turn   | Place    | Note
--------------------------------------------------------------
     0 | D:1      | CALLOUS the Tengu Arcane Marksman began the quest for the Orb.
     0 | D:1      | Reached XP level 1. HP: 12/12 MP: 3/3
    67 | D:1      | Reached XP level 2. HP: 14/16 MP: 1/4
   105 | D:1      | Reached skill level 1 in Armour
   712 | D:1      | Reached skill level 3 in Dodging
   956 | D:1      | Reached XP level 3. HP: 20/20 MP: 3/5
  2211 | D:2      | Reached XP level 4. HP: 25/25 MP: 4/6
  2235 | D:2      | Reached skill level 4 in Dodging
  2748 | D:1      | Demolished by a gnoll

Action                   |  1- 3 |  4- 6 || total
-------------------------+-------+-------++-------
Melee: Unarmed           |   112 |    22 ||   134
 Fire: Shortbow          |    33 |     3 ||    36
Throw: Stone             |    36 |       ||    36
 Cast: Corona            |    35 |     2 ||    37
 Stab: Sleeping          |     2 |       ||     2
  Eat: Chunk             |     5 |     1 ||     6
